 Dungeon Crawl Stone Soup version 0.21-a0-518-g43a1781 (webtiles) character file.

85 kiturien the Skirmisher (level 4, 0/41 HPs)
             Began as a Minotaur Fighter on Dec 4, 2017.
             Slain by Sigmund
             ... wielding a +5 scythe of flaming
              (9 damage)
             ... on level 2 of the Dungeon.
             The game lasted 00:04:09 (1250 turns).

kiturien the Skirmisher (Minotaur Fighter)          Turns: 1250, Time: 00:04:10

Health: 0/41       AC:  8    Str: 21    XL:     4   Next: 25%
Magic:  3/3        EV: 11    Int:  5    God:
Gold:   101        SH:  9    Dex: 10    Spells: 3/3 levels left

rFire    . . .     SeeInvis .   a - +0 long sword
rCold    . . .     Gourm    .   c - +0 shield
rNeg     . . .     Faith    .   b - +0 scale mail
rPois    .         Spirit   .   (helmet restricted)
rElec    .         Reflect  .   (no cloak)
rCorr    .         Harm     .   j - +0 pair of gloves
MR       .....                  (no boots)
Stlth    ..........             o - amulet of magic regeneration
HPRegen  0.13/turn              i - +4 ring of evasion
MPRegen  0.33/turn              (no ring)

@: no status effects
A: retaliatory headbutt, horns 2
a: no special abilities


You were on level 2 of the Dungeon.
You were not hungry.

You visited 1 branch of the dungeon, and saw 2 of its levels.

You collected 101 gold pieces.

Inventory:

Hand Weapons
 a - a +0 long sword (weapon)
 n - a +2 short sword of holy wrath
Armour
 b - a +0 scale mail (worn)
 c - a +0 shield (worn)
 j - a +0 pair of gloves (worn)
Jewellery
 i - a +4 ring of evasion (left hand)
 o - an amulet of magic regeneration (around neck)
Scrolls
 e - 2 scrolls of amnesia {unknown}
 l - 2 scrolls of identify {unknown}
 t - a scroll of noise {unknown}
 u - a scroll of teleportation {unknown}
Potions
 d - 2 potions of might
 g - a potion of haste {unknown}
 k - a potion of mutation {unknown}
 r - 2 potions of brilliance {unknown}
 s - a potion of berserk rage {unknown}
Comestibles
 f - 3 bread rations
 p - a chunk of flesh
 q - 4 fruits


   Skills:
 * Level 4.7 Fighting
 + Level 3.2 Long Blades
 + Level 4.3 Armour
 + Level 0.1 Dodging
 + Level 4.2 Shields


You had 3 spell levels left.
You didn't know any spells.

Dungeon Overview and Level Annotations

Branches:
Dungeon (2/15)

Altars:

Annotations:
D:2 Sigmund


Innate Abilities, Weirdness & Mutations

You reflexively headbutt those who attack you in melee.
You have a pair of horns on your head.


Message History

Unknown command.
You feel better.
You miss something. You block something's attack.
You miss something. You block something's attack.
You closely miss something. Something hits you but does no damage.
You miss something. You headbutt something!
You hear some strange, mumbled words.
A magic dart appears from out of thin air!
The magic dart hits you!
* * * LOW HITPOINT WARNING * * *
You barely miss something. Something hits you but does no damage.
You hit something. Something hits you.
* * * LOW HITPOINT WARNING * * *
Something burns you.
* * * LOW HITPOINT WARNING * * *
You miss something. Something hits you but does no damage.
You barely miss something.
Your scale mail prevents you from hitting something.
Your headbutt misses something. Something hits you!
You die...

.........###.######
##..................
#####.############# #.#
#.# ##### #.# #...# ..
##.#######...###....
#............{......
#..#######..@###....
#..#...# #...# . #..##..#
#...# #.........#
#......# #...#
#.........# ##.###.#
#...# #.........# #.# #.#
##### #.........# #.# #.#
#.........# #.#
#.#########.........#
#.###....................


There were no monsters in sight!

Vanquished Creatures
  4 adders (D:2)
  2 worms (D:2)
  A dart slug (D:1)
  2 leopard geckos (D:1)
  4 bats
  A giant cockroach (D:2)
  5 goblins
  7 hobgoblins
  5 kobolds
  A ball python (D:2)
  2 frilled lizards (D:1)
  5 rats
39 creatures vanquished.

Notes
Turn   | Place    | Note
-------+----------+-------------------------------------------
     0 | D:1      | kiturien the Minotaur Fighter began the quest for the Orb.
     0 | D:1      | Reached XP level 1. HP: 19/19 MP: 0/0
   104 | D:1      | Reached XP level 2. HP: 16/27 MP: 1/1
   731 | D:2      | Reached XP level 3. HP: 29/34 MP: 2/2
  1047 | D:2      | Reached XP level 4. HP: 32/41 MP: 3/3
  1207 | D:2      | Noticed Sigmund
  1225 | D:2      | HP: 2/41 [Sigmund/scythe of flaming (3)]
  1239 | D:2      | HP: 2/41 [something (1)]
  1250 | D:2      | Slain by Sigmund

Vault maps used:
D:1:      scummos_arrival_simple_crosswalls
D:2:      uniq_sigmund

Skill      XL: |  1  2  3 |
---------------+----------+-----
Armour         | 4 |  4.3
Shields        | 4 |  4.2
Fighting       | 4 |  4.7
Long Blades    | 3 |  3.2
Dodging        | |  0.1

Action                   |  1- 3 |  4- 6 || total
-------------------------+-------+-------++-------
Melee: Long sword        |    72 |    43 ||   115
       Headbutt          |     9 |     5 ||    14
  Use: Potion            |       |     3 ||     3
  Eat: Bread ration      |     1 |       ||     1
Armor: Scale mail        |    24 |     9 ||    33
Dodge: Dodged            |    31 |     6 ||    37
Block: Shield            |    42 |    15 ||    57
       Rpst.: Long sword |    13 |     2 ||    15

Table legend:
 A = Spawn XP
 B = Non-spawn XP
 C = Spawn XP percentage of total XP
 D = Spawn monster count
 E = Non-spawn monster count
 F = Spawn count percentage of total count
 G = Total turns spent on level
                    A         B        C        D         E        F      G
               +---------+---------+-------+---------+---------+-------+---------
         Total |       0 |     122 |   0.0 |       0 |      39 |   0.0 |  1250
               +---------+---------+-------+---------+---------+-------+---------
           D:1 |       0 |      40 |   0.0 |       0 |      22 |   0.0 |   711
           D:2 |       0 |      82 |   0.0 |       0 |      17 |   0.0 |   539
               +---------+---------+-------+---------+---------+-------+---------
